 Dungeon Crawl Stone Soup version 0.30-a0-1116-gebefce21f7 (webtiles) character file.

Game seed: 17155261557480462520

153 IdlyInterested the Trooper (level 5, 0/43 HPs)
             Began as a Demonspawn Fighter on Apr 21, 2023.
             Slain by an orc priest
             ... wielding a +0 short sword
              (2 damage)
             ... on level 4 of the Dungeon.
             The game lasted 00:08:44 (2337 turns).

IdlyInterested the Trooper (Demonspawn Fighter)     Turns: 2337, Time: 00:08:44

Health: 0/43       AC:  3    Str: 18    XL:     5   Next: 12%
Magic:  5/5        EV: 12    Int:  9    God:
Gold:   192        SH:  6    Dex: 22    Spells: 4/4 levels left

rFire   . . .      SeeInvis .    a - +0 war axe
rCold   . . .      Faith    .    c - +0 buckler
rNeg    . . .      Spirit   .    n - +0 robe "Ziyf" {rPois Will+ Dex+3}
rPois   +          Reflect  .    (helmet restricted)
rElec   .          Rampage  .    (no cloak)
rCorr   .                        (no gloves)
Will    +....                    g - +0 pair of boots
Stlth   ++                       (no amulet)
HPRegen 0.27/turn                s - +6 ring of dexterity
MPRegen 0.09/turn                (no ring)

@: no status effects
A: antennae 1, powered by death 1
a: no special abilities


You were on level 4 of the Dungeon.
You visited 1 branch of the dungeon, and saw 4 of its levels.

You collected 192 gold pieces.

Inventory:

Hand Weapons
 a - a +0 war axe (weapon)
 p - a +0 hand axe
 q - a +2 whip of venom
 r - a +0 hand axe
 u - a +1 heavy war axe
Missiles
 e - 27 stones (quivered)
Armour
 c - a +0 buckler (worn)
 g - a +0 pair of boots (worn)
 m - a +0 chain mail
 n - the +0 robe "Ziyf" (worn) {rPois Will+ Dex+3}
   (You found it on level 3 of the Dungeon)

   Dex:       It affects your dexterity (+3).
   rPois:     It protects you from poison.
   Will:      It increases your willpower.
Jewellery
 s - a +6 ring of dexterity (left hand)
Wands
 t - a wand of iceblast (10)
Scrolls
 b - a scroll of teleportation {unknown}
 f - 5 scrolls of identify {unknown}
 i - a scroll of silence {unknown}
Potions
 d - 2 potions of might
 h - a potion of cancellation {unknown}
 j - 2 potions of heal wounds {unknown}
 k - a potion of curing {unknown}
 l - a potion of lignification {unknown}
 o - 4 potions of flight {unknown}
 v - a potion of magic {unknown}


   Skills:
 * Level 4.4 Fighting
 - Level 1.7 Axes
 - Level 1.0 Throwing
 - Level 3.0 Armour
 + Level 1.6 Dodging
 - Level 1.0 Stealth
 - Level 3.0 Shields
 - Level 1.0 Evocations


You had 4 spell levels left.
You didn't know any spells.
Your spell library contained the following spells:

 Spells                   Type           Power      Damage    Failure   Level
 Apportation              Tloc           0%         N/A       47%         1
 Necrotise                Necr           0%         1d4       47%         1
 Summon Small Mammal      Summ           0%         N/A       47%         1
 Hailstorm                Conj/Ice       0%         3d3       85%         3
 Ice Form                 Ice/Tmut       0%         N/A       99%         4
 Simulacrum               Ice/Necr       0%         N/A       100%        6


Dungeon Overview and Level Annotations

Branches:
Dungeon (4/15)
 Temple: D:4-7

Altars:

Shops:
D:3 (


Innate Abilities, Weirdness & Mutations

You have a pair of small antennae on your head.
You regenerate a little health from kills.


Message History

The giant cockroach barely misses you.
The orc wizard hits you with a +0 dagger.
Unknown command.
You slash the orc wizard!
The orc wizard is almost dead.
You hit something.
Reactivating autopickup.
You feel a bit more experienced.
You closely miss the giant cockroach. The giant cockroach misses you.
The orc wizard hits you with a +0 dagger.
The giant cockroach barely misses you.
You have reached level 5!
Your demonic ancestry asserts itself...
A wave of death washes over you.
You closely miss the orc wizard.
The orc wizard is almost dead.
You barely miss the giant cockroach. You barely miss the orc.
The orc wizard hits you with a +0 dagger.
The orc barely misses you. The giant cockroach closely misses you.
You block the orc's attack.
The orc wizard points at you and mumbles some strange words.
The puff of flame hits you!
* * * LOW HITPOINT WARNING * * *
You hit the orc wizard but do no damage.
The orc wizard is almost dead.
You slash the orc!
You kill the orc!
You barely miss the orc. You closely miss the giant cockroach.
You block the giant cockroach's attack. The orc misses you.
You block the orc wizard's attack. You block the giant cockroach's attack.
You barely miss the orc wizard.
The orc wizard is almost dead.
You hit the giant cockroach but do no damage.
You hit the orc. The giant cockroach bites you.
* * * LOW HITPOINT WARNING * * *
The orc wizard hits you with a +0 dagger.
* * * LOW HITPOINT WARNING * * *
You block the giant cockroach's attack.
The orc priest hits you with a +0 short sword.
You die...

............##
#.!............#.
................
...#..!.........
## ..........!..##
#..##.............
.........)oo...##
.......>.o@)..<.#
.......<...B....#
..####...†......#
#..........#
#..........#
##........##
##......##
........#
.####....


You could see an orc priest, an orc wizard, an orc and a giant cockroach.

Vanquished Creatures
  An orc wizard (D:4)
  3 adders
  9 orcs
  7 endoplasms
  A giant cockroach (D:2)
  10 goblins
  8 hobgoblins
  10 jackals
  4 quokkas
  3 ball pythons
  7 bats
  6 frilled lizards
  7 kobolds
  9 rats
85 creatures vanquished.

Vanquished Creatures (others)
  4 plants (D:1)
4 creatures vanquished.

Grand Total: 89 creatures vanquished

Notes
Turn   | Place    | Note
-------+----------+-------------------------------------------
     0 | D:1      | IdlyInterested the Demonspawn Fighter began the quest for
                  | the Orb.
     0 | D:1      | Reached XP level 1. HP: 18/18 MP: 1/1
   105 | D:1      | Reached skill level 1 in Dodging
   245 | D:1      | Gained mutation: You have a pair of small antennae on your
                  | head. [demonic ancestry]
   245 | D:1      | Reached XP level 2. HP: 23/24 MP: 2/2
   566 | D:1      | Reached skill level 1 in Throwing
   820 | D:2      | Reached skill level 1 in Stealth
   821 | D:2      | Reached XP level 3. HP: 20/29 MP: 3/3
  1387 | D:2      | Reached XP level 4. HP: 34/37 MP: 4/4
  1561 | D:3      | Identified the +0 robe "Ziyf" {rPois Will+ Dex+3}
  1655 | D:3      | Reached skill level 1 in Evocations
  1925 | D:3      | Found Heesihu's Weapon Emporium.
  1987 | D:3      | Reached skill level 4 in Fighting
  2335 | D:4      | Gained mutation: You regenerate a little health from kills.
                  | [demonic ancestry]
  2335 | D:4      | Reached XP level 5. HP: 17/43 MP: 5/5
  2337 | D:4      | HP: 2/43 [orc wizard/+0 dagger (1)]
  2337 | D:4      | Slain by an orc priest

Illustrated notes

Levels and vault maps discovered:
D:1:      eino_arrival_druids_welcome, layout_loops_cross, serial_bayou_lagoon_b
D:2:      minmay_inner_zag, layout_basic
D:3:      layout_basic, mainiacjoe_overflow_24_doors, serial_shops,
          nicolae_lakefront_shop
D:4:      layout_rooms, uniq_pargi

Skill      XL: |  1  2  3  4 |
---------------+-------------+-----
Dodging        | 1 |  1.6
Throwing       | 1 |  1.0
Stealth        | 1 |  1.0
Armour         | 3 |  3.0
Shields        | 3 |  3.0
Evocations     | 1 |  1.0
Fighting       | 4 |  4.4
Axes           | |  1.7

Action                     |  1- 3 |  4- 6 || total
---------------------------+-------+-------++-------
  Melee: War axe           |   149 |    85 ||   234
   Stab: Sleeping          |       |     1 ||     1
 Armour: Scale mail        |    33 |       ||    33
         Chain mail        |    64 |    16 ||    80
         Robe              |       |    21 ||    21
  Dodge: Dodged            |    81 |    60 ||   141
  Block: Buckler           |    33 |    25 ||    58

Table legend: (Time is in decaauts)
 A = Elapsed time spent in this place.
 B = Non-inter-level travel time spent in this place.
 C = Inter-level travel time spent in this place.
 D = Time resting spent in this place.
 E = Time spent auto-exploring this place.
 F = Levels seen in this place.
 G = Mean time per level.
                   A        B        C        D        E       F      G
               +--------+--------+--------+--------+--------+-----+--------+
         Total |   2467 |   2240 |    227 |     40 |   1318 |   4 |  616.8 |
       Dungeon |   2467 |   2240 |    227 |     40 |   1318 |   4 |  616.8 |
               +--------+--------+--------+--------+--------+-----+--------+

Top non-repeatable levels by time:
     D:2: 899 daAuts
     D:1: 850 daAuts
     D:3: 693 daAuts
     D:4: 25 daAuts
